 Dungeon Crawl Stone Soup version 0.27.0-1-g7a089689b8 (webtiles) character file.

Game seed: 189800164193841830

400 ZombieSheep the Fighter (level 6, -2/76 HPs)
             Began as a Gnoll Wanderer on Aug 6, 2021.
             Was a Believer of Hepliaklqana.
             Succumbed to Duvessa's poison
             ... on level 4 of the Dungeon.
             The game lasted 00:07:50 (3158 turns).

ZombieSheep the Fighter (Gnoll Wanderer)            Turns: 3158, Time: 00:07:51

Health: -2/76      AC: 27    Str: 14    XL:     6   Next: 84%
Magic:  9/9        EV:  2    Int: 10    God:    Hepliaklqana [**....]
Gold:   59         SH:  0    Dex: 12    Spells: 9/9 levels left

rFire    . . .     SeeInvis .   a - +2 short sword (freeze)
rCold    . . .     Faith    .   (no shield)
rNeg     + + +     Spirit   .   (armour currently unavailable)
rPois    +         Reflect  .   (helmet currently unavailable)
rElec    .         Harm     .   (cloak currently unavailable)
rCorr    .         Rampage  .   (gloves currently unavailable)
Will     .....     NoTele   +   (boots currently unavailable)
Stlth    ++........             (no amulet)
HPRegen  0.22/turn              l - +4 ring of protection
MPRegen  0.11/turn              (no ring)

@: mighty, lethally poisoned (-2 -> -22), tree-form
A: stationary, stasis, torment immunity, boosted hp, reduced essence, (fangs 1),
strong nose, distributed training
a: Renounce Religion, Recall Ancestor, Ancestor Identity


You were on level 4 of the Dungeon.
You worshipped Hepliaklqana.
Hepliaklqana was pleased with you.
You were a tree.
You visited 1 branch of the dungeon, and saw 4 of its levels.

You collected 59 gold pieces.

Inventory:

Hand Weapons
 a - a +2 short sword of freezing (weapon)
 b - a +1 rapier of speed
Armour
 n - a +0 chain mail
 p - a +0 scale mail (melded)
Jewellery
 l - a +4 ring of protection (left branch)
Scrolls
 e - a scroll of identify
 i - a scroll of teleportation {unknown}
 k - a scroll of amnesia
 o - a scroll of immolation {unknown}
 q - a scroll of blinking {unknown}
Potions
 f - a potion of brilliance
 g - a potion of flight
 h - 2 potions of haste
 m - a potion of cancellation


   Skills:
 + Level 8.8 Fighting
 + Level 5.0 Short Blades
 + Level 2.1 Long Blades
 + Level 2.1 Axes
 + Level 2.1 Maces & Flails
 + Level 2.1 Polearms
 + Level 2.1 Staves
 + Level 2.1 Slings
 + Level 2.1 Bows
 + Level 2.1 Crossbows
 + Level 2.1 Throwing
 + Level 3.3 Armour
 + Level 3.3 Dodging
 + Level 2.1 Stealth
 + Level 2.1 Shields
 + Level 2.1 Unarmed Combat
 + Level 2.1 Spellcasting
 + Level 1.7 Conjurations
 + Level 1.7 Hexes
 + Level 1.7 Summonings
 + Level 1.7 Necromancy
 + Level 1.7 Translocations
 + Level 1.7 Transmutations
 + Level 1.7 Fire Magic
 + Level 1.7 Ice Magic
 + Level 1.7 Air Magic
 + Level 1.7 Earth Magic
 + Level 1.7 Poison Magic
 + Level 2.3 Invocations
 + Level 5.0 Evocations


You had 9 spell levels left.
You didn't know any spells.
Your spell library contained the following spells:

 Spells                   Type           Power      Damage    Failure   Level
 Beastly Appendage        Tmut           8%         N/A       16%         1
 Magic Dart               Conj           16%        1d3       16%         1
 Call Imp                 Summ           4%         N/A       22%         2
 Wereblood                Tmut           4%         N/A       22%         2
 Mephitic Cloud           Conj/Pois/Air  4%         N/A       41%         3
 Spider Form              Tmut/Pois      2%         N/A       41%         3


Dungeon Overview and Level Annotations

Branches:
Dungeon (4/15)             Temple (0/1) D:4

Altars:
Hepliaklqana

Shops:
D:3 =   D:4 :

Annotations:
D:4 Dowan, Duvessa


Innate Abilities, Weirdness & Mutations

You are a tree.
Your roots penetrate the ground, keeping you stationary.
You cannot be teleported.
You are immune to unholy pain and torment.
Your maximum health is greatly increased.
Your equipment is partially melded.
Your life essence is reduced to manifest your ancestor. (-10% HP)
((You have very sharp teeth.))
Your uncanny sense of smell can sniff out nearby items.
Your experience applies equally to all skills.


Message History

Duvessa hits you with a +1 short sword of venom!
You are more poisoned.
Dowan misses you.
Qinisela hits Dowan with a +0 dagger of draining.
Qinisela drains Dowan.
You hit Duvessa. You freeze Duvessa.
Duvessa is severely wounded.
* * * LOW HITPOINT WARNING * * *
You feel very sick.
Duvessa hits you with a +1 short sword of venom.
* * * LOW HITPOINT WARNING * * *
You are more poisoned.
Dowan closely misses you.
Qinisela hits Dowan with a +0 dagger of draining.
Qinisela drains Dowan.
You feel much better.
* * * LOW HITPOINT WARNING * * *
You feel extremely sick.
Duvessa hits you with a +1 short sword of venom.
* * * LOW HITPOINT WARNING * * *
Dowan hits Qinisela but does no damage.
Qinisela points at Duvessa and mumbles some strange words.
Dowan resists with significant effort.
You hit Duvessa. You freeze Duvessa.
Duvessa is severely wounded.
* * * LOW HITPOINT WARNING * * *
You feel extremely sick. Duvessa barely misses you.
Dowan points at Qinisela and mumbles some strange words.
The puff of flame misses Qinisela.
Qinisela closely misses Dowan.
You turn into a tree.
Your +0 scale mail melds into your body.
Your roots penetrate the ground.
* * * LOW HITPOINT WARNING * * *
You feel very sick. Duvessa hits you but does no damage.
Dowan hits Qinisela with a +0 dagger.
Qinisela closely misses Dowan.
You completely miss Duvessa.
Duvessa is severely wounded.
You die...

#.......#...####
##............#.#
...........#....#
........e.......###########.#
............................#
.#...........#....##....####
####......##.###...##..###
#.......#...## #...##.##
......###..####♣e..#..####.
#.....###..##..#e...#...#..
#<.....##.......R...#........
##..##.......................
..##.......................
..#......................###
..o........................##
.oo..........................
o............................


You could see the friendly Qinisela the hexer, Duvessa (ally target) and Dowan
(drained).

Vanquished Creatures
  A bullfrog (D:3)
  A jelly (D:4)
  2 orc wizards (D:4)
  An adder (D:4)
  An adder skeleton (D:4)
  A dart slug (D:1)
  An orc (D:3)
  8 ball pythons
  7 bats
  4 endoplasms
  5 giant cockroaches
  6 goblins
  3 hobgoblins (D:1)
  2 quokkas
  4 frilled lizards
  14 kobolds
  7 rats
68 creatures vanquished.

Vanquished Creatures (collateral kills)
  Eustachio (D:4)
  A hound (D:2)
  A worm (D:3)
  2 orcs (D:4)
  A bat (D:3)
  An endoplasm (D:4)
  A giant cockroach (D:2)
  A quokka (D:4)
  A ball python (D:3)
  A rat (D:3)
11 creatures vanquished.

Vanquished Creatures (others)
  A hexer (D:4)
  2 plants (D:3)
3 creatures vanquished.

Grand Total: 82 creatures vanquished

Notes
Turn   | Place    | Note
-------+----------+-------------------------------------------
     0 | D:1      | ZombieSheep the Gnoll Wanderer began the quest for the Orb.
     0 | D:1      | ZombieSheep set off with the following items: a +2 short
                  | sword, a +0 ring mail, a potion of lignification
     0 | D:1      | Reached XP level 1. HP: 26/26 MP: 1/1
    52 | D:1      | Reached XP level 2. HP: 33/33 MP: 2/2
   450 | D:1      | Reached XP level 3. HP: 38/38 MP: 3/3
   469 | D:1      | Found a faded altar of an unknown god.
   537 | D:1      | Became a worshipper of Hepliaklqana the Forgotten
   537 | D:1      | Reached * piety under Hepliaklqana
  1026 | D:2      | Reached skill level 1 in Long Blades
  1026 | D:2      | Reached skill level 1 in Axes
  1026 | D:2      | Reached skill level 1 in Maces & Flails
  1026 | D:2      | Reached skill level 1 in Polearms
  1026 | D:2      | Reached skill level 1 in Staves
  1026 | D:2      | Reached skill level 1 in Slings
  1026 | D:2      | Reached skill level 1 in Bows
  1026 | D:2      | Reached skill level 1 in Crossbows
  1026 | D:2      | Reached skill level 1 in Throwing
  1026 | D:2      | Reached skill level 1 in Stealth
  1026 | D:2      | Reached skill level 1 in Shields
  1026 | D:2      | Reached skill level 1 in Unarmed Combat
  1026 | D:2      | Reached skill level 1 in Spellcasting
  1026 | D:2      | Reached skill level 1 in Invocations
  1026 | D:2      | Reached XP level 4. HP: 38/40 MP: 5/5
  1307 | D:2      | Reached ** piety under Hepliaklqana
  1308 | D:2      | Remembered your ancestor Qinisela as a hexer
  1564 | D:3      | Noticed a bullfrog
  1574 | D:3      | Killed a bullfrog
  1575 | D:3      | Reached skill level 1 in Conjurations
  1575 | D:3      | Reached skill level 1 in Hexes
  1575 | D:3      | Reached skill level 1 in Summonings
  1575 | D:3      | Reached skill level 1 in Necromancy
  1575 | D:3      | Reached skill level 1 in Translocations
  1575 | D:3      | Reached skill level 1 in Transmutations
  1575 | D:3      | Reached skill level 1 in Fire Magic
  1575 | D:3      | Reached skill level 1 in Ice Magic
  1575 | D:3      | Reached skill level 1 in Air Magic
  1575 | D:3      | Reached skill level 1 in Earth Magic
  1575 | D:3      | Reached skill level 1 in Poison Magic
  1575 | D:3      | Reached XP level 5. HP: 42/45 MP: 5/7
  1995 | D:3      | Found Heken's Jewellery Shop.
  2735 | D:4      | Found a staircase to the Ecumenical Temple.
  2742 | D:4      | Noticed Eustachio
  2795 | D:4      | Found Miasiow's Self-Improvement Boutique.
  2905 | D:4      | Reached XP level 6. HP: 34/51 MP: 6/8
  3024 | D:4      | Killed Eustachio
  3025 | D:4      | Reached skill level 5 in Short Blades
  3025 | D:4      | Reached skill level 5 in Evocations
  3124 | D:4      | Noticed Dowan
  3125 | D:4      | Noticed Duvessa
  3157 | D:4      | HP: 2/76 [poisoned by Duvessa]
  3158 | D:4      | Succumbed to Duvessa's poison

Illustrated notes

Levels and vault maps discovered:
D:1:      amcnicky_arrival_blooded_trapdoor, layout_loops_ring,
          ebering_ecumenical_altar_rust, corexii_corridor_pit,
          minmay_misc_feat_columns, minmay_tripent
D:2:      layout_basic
D:3:      layout_basic, serial_shops, shop, lexackson_kobold_supper
D:4:      layout_cave_pools, temple_statues, hex_medium,
          nicolae_wooded_promenade, nicolae_shop_self_help, uniq_eustachio,
          uniq_duvessa, uniq_menkaure

Skill      XL: |  1  2  3  4  5  6 |
---------------+-------------------+-----
Long Blades    | 1 2 |  2.1
Axes           | 1 2 |  2.1
Maces & Flails | 1 2 |  2.1
Polearms       | 1 2 |  2.1
Staves         | 1 2 |  2.1
Slings         | 1 2 |  2.1
Bows           | 1 2 |  2.1
Crossbows      | 1 2 |  2.1
Throwing       | 1 2 |  2.1
Stealth        | 1 2 |  2.1
Shields        | 1 2 |  2.1
Unarmed Combat | 1 2 |  2.1
Spellcasting   | 1 2 |  2.1
Invocations    | 1 2 |  2.3
Conjurations   | 1 |  1.7
Hexes          | 1 |  1.7
Summonings     | 1 |  1.7
Necromancy     | 1 |  1.7
Translocations | 1 |  1.7
Transmutations | 1 |  1.7
Fire Magic     | 1 |  1.7
Ice Magic      | 1 |  1.7
Air Magic      | 1 |  1.7
Earth Magic    | 1 |  1.7
Poison Magic   | 1 |  1.7
Armour         | 3 |  3.3
Dodging        | 3 |  3.3
Short Blades   | 5 |  5.0
Evocations     | 5 |  5.0
Fighting       | |  8.8

Action                   |  1- 3 |  4- 6 || total
-------------------------+-------+-------++-------
Melee: Short sword       |    78 |   111 ||   189
       Bite              |     2 |     8 ||    10
Invok: Ancestor Life: He |       |     1 ||     1
       Ancestor Identity |       |     1 ||     1
       Recall Ancestor   |       |     2 ||     2
  Use: Scroll            |     4 |     7 ||    11
       Potion            |       |     3 ||     3
Armor: Ring mail         |    29 |    29 ||    58
       Scale mail        |       |     5 ||     5
       Skin              |       |     1 ||     1
Dodge: Dodged            |    43 |    64 ||   107
